AoeStats
← tomitom

Nomad

510435988Analyzed
2v2 RM · 18h ago on Oct 1, 2026· 43m 29s· 4 players
Game mode
Random Map
Map size
176×176
Population
200
Speed
Normal
Resources
Standard
Victory
Conquest
Starting age
Dark Age
Ending age
Imperial Age
RankedLock teamsTeams togetherTeam positionsShared explorationLock speedFull tech treeHidden civsTurbo modeCheats
Victory
Defeat
🇦🇷 Dravidians · Argentina
1407
+12
🇺🇸 Burgundians · United States
1339
+15
🇵🇪 Spanish · Peru
1382
-16
🇵🇪 Cumans · Peru
1250
-11
Plyco
4:26 Loom
12:16 Feudal Age
11:05 Double-Bit Axe
13:29 Arson
15:24 Bow Saw
16:43 Horse Collar
17:39 Forging
21:46 Castle Age
20:48 Fletching
21:15 Heavy Plow
22:05 Padded Archer Armor
21:57 Elite Skirmisher
23:55 Two-Man Saw
24:57 Bodkin Arrow
27:04 Wheelbarrow
26:14 Town Watch
27:35 Fishing Lines
27:48 Town Watch
28:06 Scale Mail Armor
28:25 Scale Barding Armor
29:55 Hand Cart
30:54 Husbandry
30:14 Cavalier
32:18 Iron Casting
33:23 Chain Barding Armor
36:21 Gold Mining
36:25 Stone Mining
39:57 Imperial Age
40:31 Gold Shaft Mining
40:19 Paladin
42:24 Plate Barding Armor
43:08 Blast Furnace
43:20 Conscription
Piojoso87
4:40 Loom
13:13 Feudal Age
14:02 Double-Bit Axe
15:28 Fletching
17:51 Gold Mining
22:33 Castle Age
20:25 Fishing Lines
21:37 Padded Archer Armor
23:09 Bodkin Arrow
23:27 Bow Saw
25:08 Ballistics
26:16 Medium Warships
27:14 Horse Collar
27:35 Town Watch
29:58 Leather Archer Armor
31:40 Stone Mining
31:58 Gillnets
32:51 Thumb Ring
34:30 Wheelbarrow
38:56 Imperial Age
37:44 Hand Cart
37:38 Heavy Plow
38:30 Husbandry
39:23 Elite Elephant Archer
40:54 Bracer
41:25 Medical Corps
43:10 Chemistry
42:46 Ring Archer Armor
43:44 Conscription
alexfca0828
4:57 Loom
14:25 Feudal Age
19:44 Castle Age
18:24 Double-Bit Axe
25:21 Bloodlines
25:51 Forging
26:55 Scale Barding Armor
28:57 Iron Casting
38:17 Imperial Age
40:34 Bow Saw
41:44 Wheelbarrow
tomitom
4:26 Loom
14:02 Feudal Age
17:46 Castle Age
23:37 Double-Bit Axe
24:39 Horse Collar
34:32 Husbandry
38:14 Imperial Age
36:17 Heavy Plow
36:53 Bloodlines
36:42 Fletching
38:24 Wheelbarrow
42:11 Conscription
Connection lost

Rejoining the realm…

Still unreachable

The connection could not be restored.

Session expired

The server has moved on; the page needs a fresh start.